 Dungeon Crawl Stone Soup version 0.18.1-8-gdd0e5ea (webtiles) character file.

124 Scarto the Skirmisher (level 4, 0/37 HPs)
             Began as a Demonspawn Fighter on June 7, 2016.
             Was an Initiate of Qazlal.
             Succumbed to an adder's poison
             ... on level 3 of the Dungeon.
             The game lasted 00:03:42 (2070 turns).

Scarto the Skirmisher (Demonspawn Fighter)          Turns: 2070, Time: 00:03:43

Health: 0/37       AC:  6    Str: 17    XL:     4   Next: 81%
Magic:  4/4        EV:  7    Int:  9    God:    Qazlal [......]
Gold:   98         SH:  9    Dex: 13    Spells: 0 memorised, 3 levels left

rFire  . . .     SeeInvis .     a - +0 war axe
rCold  . . .     Gourm    .     b - +0 scale mail
rNeg   . . .     Faith    .     c - +0 shield
rPois  .         Spirit   .     (helmet restricted)
rElec  .         Dismiss  .     (no cloak)
rCorr  .         Reflect  .     (no gloves)
SustAt .         Harm     .     (no boots)
MR     .....                    (no amulet)
Stlth  +.........               (no ring)
                                (no ring)

@: lethally poisoned (0 -> -8), not resistant to hostile enchantments, very
unstealthy
A: antennae 1, nightstalker 1
a: Renounce Religion


You were on level 3 of the Dungeon.
You worshipped Qazlal.
Qazlal was noncommittal.
You were completely stuffed.

You visited 1 branch of the dungeon, and saw 3 of its levels.

You collected 98 gold pieces.

Inventory:

Hand Weapons
 a - a +0 war axe (weapon)
Armour
 b - a +0 scale mail (worn)
 c - a +0 shield (worn)
Scrolls
 e - 5 scrolls of identify {unknown}
 g - 2 scrolls of remove curse {unknown}
 h - a scroll of recharging {unknown}
 k - 3 scrolls of teleportation {unknown}
Potions
 d - a potion of degeneration {unknown}
 j - 3 potions of agility
Comestibles
 f - 4 beef jerkies
 l - 9 fruits


   Skills:
 + Level 3.9 Fighting
 + Level 2.8 Axes
 + Level 3.3 Armour
 + Level 3.3 Shields
 + Level 0.3 Invocations


You had 3 spell levels left.
You didn't know any spells.

Dungeon Overview and Level Annotations

Branches:
Dungeon (3/15)

Altars:
Dithmenos
Qazlal
Vehumet


Innate Abilities, Weirdness & Mutations

You have a pair of small antennae on your head.
You are slightly more attuned to the shadows.


Message History

You feel sick. You block the adder's attack. x2
You closely miss the adder.
The adder is almost dead.
* * * LOW HITPOINT WARNING * * *
You feel sick. The adder bites you but does no damage.
You block the adder's attack.
You completely miss the adder.
The adder is almost dead.
* * * LOW HITPOINT WARNING * * *
You feel sick. The adder bites you.
* * * LOW HITPOINT WARNING * * *
You are more poisoned.
The adder poisons you! The adder bites you but does no damage.
You closely miss the adder.
The adder is almost dead.
* * * LOW HITPOINT WARNING * * *
You feel sick. The adder closely misses you.
Unknown command.
Eat which item? (? for menu, Esc to quit)
You die...

#.# #.... #. #.# #....
##.####+#.# #....
#.........# #....
#.........# #####
#..(.[....#############
+......>..............'
#........##############
#.....@..# # ......S..#
# ..$......# #
.........# # ..####'###
# . #.# # #.#


You could see an adder.

Vanquished Creatures
  Jessica (D:2)
  2 adders (D:3)
  3 oozes
  2 worms (D:3)
  A dart slug (D:1)
  2 giant geckos
  5 orcs (D:3)
  2 giant cockroaches
  4 goblins
  8 hobgoblins
  A quokka (D:2)
  8 bats
  8 giant newts
  4 kobolds
  5 rats
56 creatures vanquished.

Notes
Turn   | Place    | Note
--------------------------------------------------------------
     0 | D:1      | Scarto the Demonspawn Fighter began the quest for the Orb.
     0 | D:1      | Reached XP level 1. HP: 18/18 MP: 1/1
   133 | D:1      | Gained mutation: You have a pair of small antennae on your head. [demonic ancestry]
   133 | D:1      | Reached XP level 2. HP: 20/24 MP: 2/2
   580 | D:1      | Reached XP level 3. HP: 25/29 MP: 3/3
   701 | D:2      | Found a shadowy altar of Dithmenos.
   879 | D:2      | Noticed Jessica
   880 | D:2      | Found a radiant altar of Vehumet.
   885 | D:2      | Killed Jessica
   885 | D:2      | Gained mutation: You are slightly more attuned to the shadows. [demonic ancestry]
   885 | D:2      | Reached XP level 4. HP: 21/37 MP: 4/4
  1336 | D:3      | Found a stormy altar of Qazlal.
  1345 | D:3      | Became a worshipper of Qazlal Stormbringer
  2069 | D:3      | HP: 1/37 [poisoned by an adder]
  2070 | D:3      | Succumbed to an adder's poison

Skill      XL: |  1  2 |
---------------+-------+-----
Axes           | 2 |  2.8
Armour         | 3 |  3.3
Shields        | 3 |  3.3
Fighting       | |  3.9
Invocations    | |  0.3

Action                   |  1- 3 |  4- 6 || total
-------------------------+-------+-------++-------
Melee: War axe           |    90 |    92 ||   182
  Use: Potion            |       |     1 ||     1
 Stab: Sleeping          |       |     1 ||     1
  Eat: Meat ration       |       |     2 ||     2
       Bread ration      |       |     1 ||     1
       Pizza             |       |     1 ||     1
Armor: Scale mail        |    56 |    50 ||   106
Dodge: Dodged            |    25 |    25 ||    50
Block: Shield            |    56 |    72 ||   128
